 Dungeon Crawl Stone Soup version 0.17-a0-1115-g0372368 (webtiles) character file.

61196 Pihi the Blocker (level 15, -12/111 HPs)
             Began as a Gargoyle Fighter on Feb 22, 2015.
             Was a High Priest of Ashenzari.
             Killed from afar by a fire dragon (61 damage)
             ... with a blast of flame
             ... on level 8 of the Lair of Beasts on May 23, 2015.
             The game lasted 01:37:24 (25130 turns).

Pihi the Blocker (Gargoyle Fighter)                Turns: 25130, Time: 01:37:27

Health: -12/111    AC: 39    Str: 21    XL:     15   Next: 2%
Magic:  15/15      EV: 10    Int: 10    God:    Ashenzari [*****.]
Gold:   1569       SH: 14    Dex: 18    Spells: 0 memorised, 14 levels left

rFire  . . .     SeeInvis +     s - +2 whip (flame) (curse)
rCold  . . .     Clarity  +     b - +0 scale mail
rNeg   + . .     SustAt   .     c - +0 shield
rPois  ∞         Gourm    .     E - +2 helmet (curse)
rElec  +         Spirit   .     A - +2 cloak (curse)
rCorr  .         Warding  .     a - +1 pair of gloves {Dex+3} (curse)
rMut   .         Stasis   .     v - +2 pair of boots
MR     ++...                    (no amulet)
Stlth  ..........               i - ring of protection from magic
                                m - +2 ring of dexterity

@: flying, very resistant to hostile enchantments, extremely unstealthy
A: big wings, iridescent scales 1, negative energy resistance 1, robust 1,
electricity resistance, unbreathing, petrification resistance, rot immunity,
subdued magic 1, AC +11
a: Stop Flying, Scrying, Transfer Knowledge, Renounce Religion


You were on level 8 of the Lair of Beasts.
You worshipped Ashenzari.
Ashenzari was extremely pleased with you.
You were not hungry.

You visited 4 branches of the dungeon, and saw 24 of its levels.
You also visited: Labyrinth and Volcano.

You collected 1849 gold pieces.
You spent 280 gold pieces at shops.

Inventory:

Hand weapons
 s - a cursed +2 whip of flaming (weapon)
 t - the cursed +0 trident of the Eleven Suns {speed, +Inv rC- Int+3}
   (You found it on level 4 of the Dungeon)

   Attacks with this weapon are significantly faster.
   It affects your intelligence (+3).
   It makes you vulnerable to cold.
   It lets you turn invisible.
   It has a curse placed upon it.
 S - the +8 hunting sling of Freehold {velocity, rPois rF+ MR- Int+4}
   (You found it on level 9 of the Dungeon)

   Any stone fired from it inflicts extra damage.
   It affects your intelligence (+4).
   It protects you from fire.
   It protects you from poison.
   It affects your resistance to hostile enchantments.
Missiles
 g - 352 stones (quivered)
 q - 40 poisoned needles
Armour
 a - a cursed +1 pair of gloves of dexterity (worn)
 b - a +0 scale mail (worn)
 c - a +0 shield (worn)
 v - a +2 pair of boots (worn)
 A - a cursed +2 cloak (worn)
 E - a cursed +2 helmet (worn)
Jewellery
 f - an uncursed ring of positive energy
 i - a ring of protection from magic (right hand)
 m - a +2 ring of dexterity (left hand)
 u - an uncursed ring of stealth
Magical devices
 e - a wand of slowing (12)
 h - a wand of digging (14)
 n - a wand of draining (9)
 x - a wand of hasting (5)
 F - a wand of flame (16)
 I - a wand of random effects (26)
 L - a wand of magic darts (19)
 M - a wand of fireball (4)
 N - a wand of heal wounds (8)
 P - a wand of frost (23)
 R - a wand of polymorph (10)
 U - a wand of flame (28)
 Z - a wand of magic darts (39)
Scrolls
 k - 4 scrolls of fog
 l - 6 scrolls of teleportation
 p - 2 scrolls of fear
 y - 6 scrolls of magic mapping
 G - 3 scrolls of blinking
 O - 6 scrolls of enchant armour
 Q - 3 scrolls of amnesia
 T - 5 scrolls of remove curse
 X - a scroll of identify
Potions
 j - 2 potions of restore abilities
 o - 6 potions of curing
 z - 2 potions of cancellation
 H - 3 potions of poison
 J - a potion of resistance
 V - 2 potions of brilliance
 W - a potion of invisibility
 Y - a potion of haste
Books
 B - a book of Party Tricks

   Spells                             Type                      Level
   a - Summon Butterflies             Summoning                    1
   b - Apportation                    Translocation                1
   c - Tukima's Dance                 Hexes                        3
   d - Alistair's Intoxication        Transmutation/Poison         4
   e - Invisibility                   Hexes                        6
 K - a book of the Sky

   Spells                             Type                      Level
   a - Summon Lightning Spire         Summoning/Air                4
   b - Airstrike                      Air                          4
   c - Silence                        Hexes/Air                    5
   d - Deflect Missiles               Charms/Air                   6
   e - Conjure Ball Lightning         Conjuration/Air              6
   f - Tornado                        Air                          9
Comestibles
 d - 9 bread rations
 r - 29 fruits
 w - 12 meat rations
 C - 10 royal jellies
 D - 3 beef jerkies


   Skills:
 + Level 14.8 Fighting
 - Level 11.4(15.1) Maces & Flails
 + Level 14.4(16.6) Armour
 + Level 14.9 Shields


You had 14 spell levels left.
You didn't know any spells.

Dungeon Overview and Level Annotations

Branches:
Dungeon (13/15)            Temple (1/1) D:7            Lair (8/8) D:8
 Spider (0/5) Lair:3        Slime (0/6) Lair:7          Orc (2/4) D:11
  Swamp: Lair:3-6    Shoals: Lair:3-6    Vaults: D:13-14

Altars:
Ashenzari
Dithmenos
Elyvilon
Fedhas
Gozag
Kikubaaqudgha
Makhleb
Nemelex Xobeh
Qazlal
Ru
Sif Muna
Trog
Vehumet
Xom
Yredelemnul
Zin
Jiyva

Shops:
D:5 }   D:9 (   D:13 ((:   Orc:1 [

Annotations:
D:9 exclusion: statue
Lair:3 Maud


Innate Abilities, Weirdness & Mutations

You are resistant to torment.
Your stone body is resilient (AC +11).
You are immune to poison.
Your large and strong wings let you fly indefinitely.
You resist negative energy.
You are resistant to electric shocks.
You can survive without breathing.
You are immune to petrification.
You are immune to rotting.
You are partially covered in iridescent scales (AC +4).
You are robust (+10% HP).
Your spells are a little easier to cast, but a little less powerful.


Message History

Found a +0 rapier.
You hit the steam dragon. You burn the steam dragon.
The steam dragon is lightly wounded.
The steam dragon breathes steam at you. The ball of steam hits you!
You hear a roar!
You hit the steam dragon. You burn the steam dragon.
The steam dragon is moderately wounded.
You are engulfed in a cloud of scalding steam.
You hit the steam dragon. You burn the steam dragon.
The steam dragon is moderately wounded.
You are engulfed in a cloud of scalding steam.
You block the steam dragon's attack. The steam dragon misses you.
You whack the steam dragon! You burn the steam dragon.
The steam dragon is severely wounded.
You are engulfed in a cloud of scalding steam.
The fire dragon breathes flames at you. The blast of flame hits you!
Ouch! That really hurt!
You die...

###...##
#........... ##...#
#........... #####
######......
♣♣♣♣♣♣♣♣ * ###.P.≈
♣♣..≈≈≈P♣♣♣ ♣♣♣♣.≈≈
♣..P≈≈≈≈..♣♣♣.♣♣.≈♣
♣♣..≈≈≈≈≈[.♣...♣♣≈≈♣
♣..≈†P♣♣≈≈†♣♣..♣♣♣†.
♣.≈@D.?♣♣♣≈..♣.P♣.≈≈
♣≈≈§≈.P♣≈.≈..♣.†♣†≈♣
♣≈≈≈§≈.♣♣≈≈$.♣♣♣†≈≈.
♣≈≈≈D≈≈♣♣♣≈≈.P♣♣≈≈≈♣
♣≈≈≈≈≈≈.♣♣P≈≈♣♣≈≈♣.P
♣≈≈≈≈≈P♣♣♣♣.≈≈≈≈♣♣.♣
♣.≈≈≈≈.. ∆♣♣..≈≈,.P♣
♣♣.≈≈≈≈.)∆ ♣♣≈≈P ..♣
*, ≈≈≈ , ,*♣≈..*.♣♣


You could see a fire dragon and a steam dragon.

Vanquished Creatures
  Nessos (Lair:6)
  A vault guard (D:12)
  A minotaur (Lab)
  Josephine (Lair:5)
  Fannar (D:12)
  The ghost of Antondotnet the Nimble, a powerful DsAK of Lugonu (D:10)
  4 hydras
  A catoblepas (D:13)
  A centaur warrior (D:13)
  A death yak (Lair:4)
  3 storm dragon skeletons (D:8)
  Erolcha (D:8)
  6 hill giants
  A necromancer (D:8)
  Pikel (D:9)
  3 unseen horrors
  An ugly thing (D:13)
  3 cyclopes
  2 griffons
  9 elephants
  A centaur zombie (D:10)
  Joseph (D:12)
  A black mamba (Lair:7)
  5 spiny frogs
  8 komodo dragons
  A yaktaur (Volcano)
  3 fire drakes
  Sonja (D:10)
  4 polar bears
  A two-headed ogre (D:11)
  A troll (D:11)
  A boulder beetle (Lair:8)
  Prince Ribbit (D:9)
  A slime creature (Lair:7)
  16 blink frogs
  3 deep elf magi
  6 basilisks
  A trapdoor spider (D:13)
  A shadow (D:12)
  18 wolves
  49 yaks
  3 hungry ghosts
  Grum (D:8)
  3 vampire mosquitoes (D:12)
  2 wyverns
  6 wraiths
  7 hippogriffs
  The ghost of SolBianca the Cutter, an average HaFi (D:3)
  2 steam dragons
  3 mottled dragons
  17 water moccasins
  15 porcupines
  A black bear (D:12)
  7 phantoms
  3 slaves (D:9)
  3 ice beasts
  6 ogres
  8 spiders (Lair:3)
  A wasp (D:8)
  7 orc warriors
  2 necrophages
  7 centaurs
  Duvessa (D:9)
  A wyvern zombie (D:6)
  19 crocodiles
  2 big kobolds
  17 giant frogs
  A gnoll sergeant (D:8)
  A wyvern skeleton (D:6)
  14 killer bees
  3 scorpions
  3 wights (D:6)
  7 electric eels (D:10)
  3 beetles
  8 crimson imps
  9 jellies
  Dowan (D:9)
  A giant frog zombie (D:6)
  A two-headed ogre zombie (D:11)
  8 hounds
  16 orc priests
  2 centaur skeletons
  10 orc wizards
  13 worker ants
  A killer bee zombie (D:11)
  12 iguanas
  24 sheep
  Jessica (D:2)
  A mummy (D:9)
  2 hound zombies
  14 adders
  4 gnolls
  39 river rats
  4 shadow imps
  A removed MONS_GIANT_MITE (D:6)
  13 white imps (D:11)
  A worker ant simulacrum (D:11)
  2 worms
  2 ufetubi (D:11)
  An adder zombie (D:9)
  5 giant geckos
  22 oozes
  91 orcs
  15 bats
  A bat zombie (D:6)
  4 giant cockroaches
  18 hobgoblins
  9 jackals
  8 quokkas
  A ball python (D:1)
  A giant gecko zombie (D:5)
  5 giant newts
  15 goblins
  A jackal skeleton (D:4)
  19 kobolds
  2 quokka zombies
  11 rats
  A ballistomycete (D:12)
764 creatures vanquished.

Vanquished Creatures (others)
  An orc (D:9)
  A bat (D:10)
  A giant gecko (D:10)
  A giant spore (D:12)
  5 fungi
  A plant (Lair:7)
10 creatures vanquished.

Grand Total: 774 creatures vanquished

Notes
Turn   | Place    | Note
--------------------------------------------------------------
     0 | D:1      | Pihi, the Gargoyle Fighter, began the quest for the Orb.
     0 | D:1      | Reached XP level 1. HP: 14/14 MP: 1/1
   160 | D:1      | Reached XP level 2. HP: 19/19 MP: 2/2
   432 | D:2      | Noticed Jessica
   444 | D:2      | Killed Jessica
   444 | D:2      | Reached XP level 3. HP: 23/23 MP: 3/3
   676 | D:2      | Reached skill level 4 in Maces & Flails
   676 | D:2      | Reached XP level 4. HP: 17/28 MP: 4/4
  1458 | D:3      | Noticed SolBianca's ghost (average HaFi)
  1460 | D:3      | Gained mutation: You are robust (+10% HP). [potion of mutation]
  1460 | D:3      | Gained mutation: You are partially covered in iridescent scales (AC +4). [potion of mutation]
  1460 | D:3      | Gained mutation: Your spells are a little easier to cast, but a little less powerful. [potion of mutation]
  1482 | D:3      | Killed SolBianca's ghost
  1482 | D:3      | Reached skill level 5 in Maces & Flails
  1482 | D:3      | Reached XP level 5. HP: 7/35 MP: 5/5
  1735 | D:3      | Reached skill level 6 in Maces & Flails
  2048 | D:4      | Got a jewelled trident
  2050 | D:4      | Identified the cursed +0 trident of the Eleven Suns {speed, +Inv rC- Int+3} (You found it on level 4 of the Dungeon)
  2141 | D:4      | Reached XP level 6. HP: 28/40 MP: 6/6
  2543 | D:4      | Noticed an orc warrior
  2556 | D:4      | Killed an orc warrior
  2556 | D:4      | Reached skill level 7 in Maces & Flails
  2609 | D:4      | Reached XP level 7. HP: 31/45 MP: 7/7
  2654 | D:4      | Upgraded the game from 0.16-a0-4078-g0e80503 to 0.16-a0-4088-g7c8221e
  2658 | D:4      | Upgraded the game from 0.16-a0-4088-g7c8221e to 0.17-a0-18-gc25b939
  3115 | D:4      | Upgraded the game from 0.17-a0-18-gc25b939 to 0.17-a0-121-gf94917f
  3544 | D:5      | Entered Level 5 of the Dungeon
  3591 | D:5      | Reached skill level 8 in Maces & Flails
  3754 | D:5      | Found a deep blue altar of Sif Muna.
  4065 | D:5      | Found Cisanumn's Gadget Boutique.
  4129 | D:5      | Reached XP level 8. HP: 52/52 MP: 8/8
  4417 | D:6      | Reached skill level 5 in Shields
  4419 | D:6      | Reached skill level 5 in Armour
  4447 | D:6      | Reached skill level 5 in Fighting
  4826 | D:6      | Reached skill level 9 in Maces & Flails
  4826 | D:6      | Reached XP level 9. HP: 56/59 MP: 9/9
  5087 | D:5      | Found a burning altar of Makhleb.
  5087 | D:5      | Found a glowing silver altar of Zin.
  5087 | D:5      | Found a bloodstained altar of Trog.
  5087 | D:5      | Found a sacrificial altar of Ru.
  6132 | D:7      | Found a staircase to the Ecumenical Temple.
  6143 | Temple   | Entered the Ecumenical Temple
  6188 | Temple   | Became a worshipper of Ashenzari the Shackled
  6277 | D:7      | Found a stormy altar of Qazlal.
  6344 | D:7      | Found a stormy altar of Qazlal.
  6388 | D:8      | Found a staircase to the Lair.
  6388 | D:8      | Noticed a fire drake
  6568 | D:8      | Noticed Erolcha
  6601 | D:8      | Killed Erolcha
  6799 | D:8      | Killed a fire drake
  7014 | D:8      | Reached XP level 10. HP: 60/69 MP: 10/10
  7779 | D:8      | Reached skill level 10 in Maces & Flails
  7967 | D:8      | Noticed Grum
  8232 | D:8      | Killed Grum
  8517 | D:8      | Noticed a storm dragon skeleton
  8532 | D:8      | Noticed a storm dragon skeleton
  8532 | D:9      | Noticed Dowan
  8590 | D:9      | Killed Dowan
  8608 | D:9      | Found Sesoat's Antique Weapon Shop.
  8737 | Lair:1   | Entered Level 1 of the Lair of Beasts
  9117 | Lair:1   | Noticed a five-headed hydra
  9144 | Lair:1   | Killed a five-headed hydra
  9367 | Lair:1   | Noticed a six-headed hydra
  9496 | D:8      | Noticed a necromancer
  9515 | D:8      | Killed a necromancer
  9515 | D:8      | Reached XP level 11. HP: 71/75 MP: 11/11
  9528 | D:8      | Noticed a storm dragon skeleton
  9559 | D:8      | Killed a storm dragon skeleton
  9622 | D:8      | Killed a storm dragon skeleton
  9655 | D:8      | Killed a storm dragon skeleton
  9655 | D:8      | Reached skill level 11 in Maces & Flails
  9902 | D:9      | Noticed Duvessa
  9922 | D:9      | Killed Duvessa
 10012 | D:9      | Identified the +8 hunting sling of Freehold {velocity, rPois rF+ MR- Int+4}
 10135 | D:9      | Noticed Pikel
 10149 | D:9      | Killed Pikel
 10318 | D:9      | Found a white marble altar of Elyvilon.
 10456 | D:9      | Found a radiant altar of Vehumet.
 10456 | D:9      | Noticed Prince Ribbit
 10488 | D:9      | Killed Prince Ribbit
 10521 | D:10     | Entered Level 10 of the Dungeon
 10628 | D:10     | Noticed Sonja
 10724 | D:10     | Killed Sonja
 10908 | D:10     | Acquired Ashenzari's first power
 11014 | D:10     | Noticed Antondotnet's ghost (powerful DsAK)
 11041 | D:10     | Killed Antondotnet's ghost
 11041 | D:10     | Reached skill level 10 in Shields
 11116 | D:10     | Noticed a hill giant
 11130 | D:10     | Killed a hill giant
 11220 | D:10     | Reached skill level 10 in Fighting
 11275 | D:10     | Reached XP level 12. HP: 69/84 MP: 12/12
 11337 | D:10     | Reached skill level 10 in Armour
 11694 | Lair:1   | Killed a six-headed hydra
 12108 | Lair:2   | Noticed a four-headed hydra
 12117 | Lair:2   | Killed a four-headed hydra
 13299 | Lair:3   | Noticed Maud
 13793 | D:10     | Found a bloodstained altar of Trog.
 13839 | D:11     | Acquired Ashenzari's second power
 14493 | D:11     | Found a staircase to the Orcish Mines.
 14590 | D:11     | Reached skill level 12 in Shields
 14739 | D:11     | Reached XP level 13. HP: 93/93 MP: 13/13
 14767 | D:12     | Noticed Joseph
 14786 | Orc:1    | Entered Level 1 of the Orcish Mines
 14860 | Orc:1    | Found Pretat's Armour Shop.
 14964 | Orc:1    | Bought a +1 pair of gloves of dexterity for 280 gold pieces
 15809 | D:12     | Killed Joseph
 16027 | D:12     | Noticed Fannar
 16057 | D:12     | Killed Fannar
 16283 | D:12     | Acquired Ashenzari's third power
 16344 | D:12     | Identified the cursed +1 whip of Impermanence {slash, rElec Int+9 Dex-5}
 16640 | D:13     | Found Kloife Cefi's Book Shoppe.
 16684 | D:13     | Found a labyrinth entrance.
 16708 | Lab      | Entered a labyrinth
 16881 | Lab      | Noticed a minotaur
 16890 | Lab      | Killed a minotaur
 16959 | D:13     | Found a white marble altar of Elyvilon.
 16963 | D:13     | Found Sulawovu's Weapon Shoppe.
 17090 | D:13     | Reached skill level 13 in Shields
 17325 | D:13     | Found Amuyhu's Weapon Emporium.
 17375 | D:13     | Noticed a vault guard
 17375 | D:13     | Noticed a vault guard
 17376 | D:13     | Noticed a vault guard
 17377 | D:13     | Noticed a vault guard
 17378 | D:13     | Noticed a vault guard
 17381 | D:13     | Noticed a vault guard
 17384 | D:13     | Noticed a vault guard
 17388 | D:13     | Noticed a vault guard
 17504 | D:12     | Killed a vault guard
 17832 | Lair:3   | Upgraded the game from 0.17-a0-121-gf94917f to 0.17-a0-1115-g0372368
 17940 | Lair:3   | Found a hole to the Spider Nest.
 18671 | Lair:4   | Gained mutation: Your large and strong wings let you fly indefinitely. [Gargoyle growth]
 18671 | Lair:4   | Reached XP level 14. HP: 66/103 MP: 14/14
 19155 | Lair:4   | Acquired Ashenzari's fourth power
 19740 | Lair:5   | Found a dark tunnel.
 19753 | Volcano  | Entered a volcano
 19800 | Volcano  | Noticed Somebody's ghost (experienced NaWr)
 19950 | Lair:5   | Noticed Josephine
 19986 | Lair:5   | Killed Josephine
 20018 | Lair:5   | Reached skill level 14 in Shields
 21743 | Lair:6   | Noticed Nessos
 22465 | Lair:6   | Killed Nessos
 22931 | Lair:7   | Found a viscous altar of Jiyva.
 22931 | Lair:7   | Found a staircase to the Slime Pits.
 24232 | Lair:8   | Entered Level 8 of the Lair of Beasts
 25059 | Lair:8   | Reached XP level 15. HP: 61/111 MP: 15/15
 25130 | Lair:8   | Killed from afar by a fire dragon

Vault maps used:
D:1:      ncdulo_watergridlock
D:2:      uniq_jessica
D:3:      first_bread, minmay_misc_feat_enclosed
D:4:      guppyfry_early_orc_mine
D:5:      overflow_temple_1_default, nicolae_overflow_hidden_temple,
          serial_shops, shop
D:6:      hangedman_cross_stitches, roderic_cross_of_infinity, st_stairs_11,
          serial_bayou_crossing
D:7:      lemuel_coloured_pillars_altar, minmay_temple_entry_enclosed_plants,
          nicolae_qazlal_style_of_elements
D:8:      minmay_lair_entry_lava, uniq_grum, uniq_erolcha
D:9:      vehumet_statue, basic_altar, serial_shops, shop,
          hangedman_little_slice_of_home, uniq_pikel, uniq_duvessa,
          uniq_prince_ribbit1
D:10:     lemuel_upstairs_altar, uniq_sonja
D:11:     orc_0_dummy, serial_ice, serial_ice_l, serial_ice_d, serial_ice_f,
          serial_ice_o, portal_ice_cave_entry_imps
D:12:     minmay_crystal_room, uniq_fannar, uniq_joseph
D:13:     erik_vaults_2, serial_shops, shop_fountains, shop,
          nicolae_shop_crystal, basic_altar, lab_entry_generic
Temple:   circular_temple_12
Lair:2:   grunt_forest_large_clearing_hut, lemuel_fruit_fields,
          serial_bayou_shore_b, serial_bayou_shore_b
Lair:3:   nicolae_swamp_entry_splash_gauntlet, spider_nest_entry_a,
          grunt_forest_stairs_basic, uniq_maud
Lair:4:   beast_lair_carwin_2
Lair:5:   nicolae_volcano_entry_s_turn, patterned_corridor, grunt_megastairs_5,
          uniq_josephine
Lair:6:   beast_lair_carwin_6, uniq_nessos
Lair:7:   lemuel_slime, slime_altar_1, serial_bayou_shore_a, lemuel_fruit_fields
Lair:8:   guppyfry_lair_end_dragon, hangedman_lair_in_review,
          lemuel_fruit_fields
Orc:1:    serial_shops, shop
Lab:      labyrinth_watery, nicolae_lab_statue, labyrinth_glass_1
Volcano:  volcano_pools

Action                   |  1- 3 |  4- 6 |  7- 9 | 10-12 | 13-15 || total
-------------------------+-------+-------+-------+-------+-------++-------
Melee: Flail             |    99 |   160 |   358 |       |       ||   617
       Whip              |       |       |   159 |  1664 |  2999 ||  4822
Throw: Stone             |    17 |     6 |       |       |       ||    23
 Abil: Fly               |       |       |       |       |     1 ||     1
  Use: Potion            |       |     3 |     2 |    12 |     5 ||    22
       Scroll            |       |     3 |    14 |    11 |     8 ||    36
 Stab: Invisible         |       |       |       |       |     1 ||     1
  Eat: Chunk             |       |     6 |    15 |    25 |    35 ||    81
       Fruit             |       |       |       |       |     1 ||     1
       Pizza             |       |       |       |       |     1 ||     1
